 Dungeon Crawl Stone Soup version 0.30.0-29-ga12c61a403 (webtiles) character file.

Game seed: 4835391489594663450

1655 hawla the Arsonist (level 9, -3/62 HPs)
             Began as a Meteoran Fire Elementalist on June 4, 2023.
             Slain by an orc warrior
             ... wielding a +0 mace
              (4 damage)
             ... on level 7 of the Dungeon.
             The game lasted 00:09:03 (3344 turns).

hawla the Arsonist (Meteoran Fire Elementalist)     Turns: 3344, Time: 00:09:03

Health: -3/62      AC:  3    Str:  9    XL:     9   Next: 43%
Magic:  16/21      EV: 14    Int: 21    God:
Gold:   287        SH:  0    Dex: 16    Spells: 16/23 levels left

rFire   . . .        y - +0 mace
rCold   . . .        (no shield)
rNeg    . . .        a - +0 robe
rPois   .            (no helmet)
rElec   .            (no cloak)
rCorr   .            (no gloves)
SInv    .            k - +0 pair of boots
Will    +....        (no amulet)
Stlth   +            x - ring of flight
HPRegen 0.30/turn    (no ring)
MPRegen 0.17/turn

%: no passive effects
@: flying, glowing
A: sense surroundings 2, otherworldly, glowing, explore regen
a: no special abilities


You were on level 7 of the Dungeon.
You visited 1 branch of the dungeon, and saw 7 of its levels.
You also visited: Sewer.

You collected 287 gold pieces.

Inventory:

Hand Weapons
 y - a +0 mace (weapon)
Missiles
 d - 10 poisoned darts
Armour
 a - a +0 robe (worn)
 k - a +0 pair of boots (worn)
Jewellery
 x - a ring of flight (left hand)
Wands
 b - a wand of flame (20)
 f - a wand of mindburst (4)
Scrolls
 e - a scroll of poison {unknown}
 j - 2 scrolls of summoning {unknown}
 p - 2 scrolls of enchant weapon {unknown}
 q - 5 scrolls of teleportation {unknown}
 r - a scroll of acquirement {unknown}
 s - 4 scrolls of noise {unknown}
 t - 3 scrolls of identify {unknown}
 v - a scroll of amnesia {unknown}
 w - 2 scrolls of fog {unknown}
 A - a scroll of enchant armour {unknown}
Potions
 c - a potion of ambrosia {unknown}
 g - a potion of lignification {unknown}
 h - 3 potions of degeneration
 i - 5 potions of flight
 l - 3 potions of curing {unknown}
 n - 3 potions of heal wounds {unknown}
 o - 2 potions of haste {unknown}
 u - 2 potions of brilliance {unknown}
 z - 2 potions of attraction {unknown}
 B - a potion of mutation {unknown}


   Skills:
 + Level 0.1 Fighting
 + Level 4.2 Dodging
 - Level 1.4 Stealth
 + Level 7.6 Spellcasting
 + Level 6.9 Conjurations
 + Level 8.8 Fire Magic


You had 16 spell levels left.
You knew the following spells:

 Your Spells              Type           Power      Damage    Failure   Level
a - Foxfire               Conj/Fire      100%       2x1d9     1%          1
b - Scorch                Fire           90%        2d9       1%          2
c - Flame Wave            Conj/Fire      41%        2d11      3%          4

Your spell library contained the following spells:

 Spells                   Type           Power      Damage    Failure   Level
 Inner Flame              Hex/Fire       26%        N/A       4%          3
 Volatile Blastmotes      Fire/Tloc      52%        2d14      4%          3


Dungeon Overview and Level Annotations

Branches:
Dungeon (7/15) Zot: 1275   Temple (0/1) D:7           Sewer (visited)

Altars:
Hepliaklqana
Kikubaaqudgha
Sif Muna
Wu Jian
The Shining One

Annotations:
D:2 1 runed translucent door, Crazy Yiuf


Innate Abilities, Weirdness & Mutations

You passively map the area around you.
You are easily found by Zot.
You glow in the dark.
You regain HP and MP as you explore.


Message History

Magic courses through your body.
The foxfire hits the orc warrior but does no damage. x2
The orc priest barely misses you.
The orc warrior hits you with a +0 mace!
* * * LOW HITPOINT WARNING * * *
Unknown command.
Casting: Foxfire (safe; 1% risk of failure)
Confirm with . or Enter, or press ? or * to list all spells.
Casting: Flame Wave (dangerous; 3% risk of failure)
Press: ? - help, Dir - look around, f - activate A wave of flame ripples out!
The flame wave engulfs the orc!
You kill the orc!
The flame wave engulfs the orc priest!
The orc priest is almost dead.
The flame wave engulfs the orc warrior.
The orc warrior is lightly wounded. (Press . to intensify the flame waves.)
The orc priest hits you with a +0 falchion!
* * * LOW HITPOINT WARNING * * *
The orc warrior barely misses you.
Unknown command.
Okay, then.
A wave of flame ripples out!
The flame wave engulfs the orc priest.
You kill the orc priest!
The flame wave engulfs the orc warrior!
The orc warrior is severely wounded.
The flame wave engulfs the orc!
You kill the orc!
The orc warrior hits you with a +0 mace.
* * * LOW HITPOINT WARNING * * *
A wave of flame ripples out!
The flame wave engulfs the orc warrior.
The orc warrior is severely wounded.
The flame wave engulfs the orc!
You kill the orc!
The flame wave engulfs the water moccasin!
The water moccasin is moderately wounded.
You finish channelling waves of flame.
You hear a shout!
The orc warrior hits you with a +0 mace.
You die...

, * ,......###.... , ,
#............ 8 * * *
*#........... ,, ,, #,
#.........# , , ,
#.*#.........# ,, ,
*##.##.........# ,, ,,
..............# ,.. *
, , .!...)).......+
..., + **
,.....)o@......#...) *
, ,......).......#...,
, .....)..†S......# ,
,
,,,."....###.....#....
,, ,,, * *######
#.....#####* #.....#,
,, , #.....#+## , ,*
#....<...# , ,
#............,,


You could see an orc warrior and a water moccasin.

Vanquished Creatures
  Sigmund (D:2)
  A water moccasin (D:7)
  3 black bears
  An ogre (D:6)
  A phantom (D:7)
  A bullfrog (D:6)
  3 howler monkeys (D:7)
  3 jellies
  A hound (D:7)
  A gnoll bouda (D:6)
  5 orc priests
  6 iguanas
  2 orc wizards (D:4)
  5 gnolls (D:6)
  6 river rats
  5 adders
  2 shadow imps
  A white imp (D:6)
  3 ufetubi
  2 worms (D:3)
  2 dart slugs
  20 orcs
  2 endoplasms
  7 giant cockroaches
  A goblin (D:2)
  2 hobgoblins (D:4)
  2 jackals (Sewer)
  4 kobolds
  4 quokkas
  11 ball pythons
  8 bats
  A frilled lizard (D:3)
  3 rats (D:3)
120 creatures vanquished.

Vanquished Creatures (others)
  195 foxfires
195 creatures vanquished.

Grand Total: 315 creatures vanquished

Notes
Turn   | Place    | Note
-------+----------+-------------------------------------------
     0 | D:1      | hawla the Meteoran Fire Elementalist began the quest for
                  | the Orb.
     0 | D:1      | Reached XP level 1. HP: 14/14 MP: 5/5
    20 | D:2      | Reached skill level 4 in Fire Magic
    20 | D:2      | Reached XP level 2. HP: 11/20 MP: 3/6
    23 | D:2      | Learned a level 2 spell: Scorch
    95 | D:2      | Found a runed translucent door.
    96 | D:2      | Noticed Crazy Yiuf
   222 | D:2      | Noticed Sigmund
   236 | D:2      | Killed Sigmund
   237 | D:2      | Reached skill level 6 in Fire Magic
   237 | D:2      | Reached XP level 3. HP: 6/26 MP: 2/9
   237 | D:2      | Reached XP level 4. HP: 7/33 MP: 2/11
   237 | D:2      | Reached XP level 5. HP: 9/38 MP: 2/12
   237 | D:2      | Reached XP level 6. HP: 10/45 MP: 2/13
   242 | D:2      | Learned a level 4 spell: Flame Wave
   613 | D:3      | Found a glowing drain.
   624 | Sewer    | Entered a sewer
  1012 | Sewer    | Glimpsed the power of Zot.
  1051 | Sewer    | Glimpsed the power of Zot.
  1170 | D:4      | Found an ornate altar of the Wu Jian Council.
  1305 | D:4      | Reached XP level 7. HP: 42/50 MP: 8/14
  1392 | D:4      | Reached skill level 5 in Conjurations
  1939 | D:5      | Entered Level 5 of the Dungeon
  2350 | D:5      | Found an ancient bone altar of Kikubaaqudgha.
  2352 | D:5      | Found a glowing golden altar of the Shining One.
  2356 | D:5      | Found a shimmering blue altar of Sif Muna.
  2452 | D:5      | Reached XP level 8. HP: 51/57 MP: 8/15
  2800 | D:6      | Reached skill level 5 in Spellcasting
  2829 | D:6      | Reached skill level 7 in Fire Magic
  3066 | D:6      | Gained mutation: You passively map the area around you.
                  | [Meteoran growth]
  3066 | D:6      | Reached XP level 9. HP: 43/62 MP: 2/19
  3086 | D:6      | Identified the +8 plate armour "Luadgh" {*Slow rF+ Dex+3}
  3092 | D:6      | Found a hazy altar of Hepliaklqana.
  3202 | D:6      | Reached skill level 8 in Fire Magic
  3342 | D:7      | HP: 2/62 [orc priest/+0 falchion (8)]
  3344 | D:7      | Slain by an orc warrior

Illustrated notes

Levels and vault maps discovered:
D:1:      lemuel_arrival_hallway, layout_basic, dk_noncrumbling_3,
          minmay_tromino_v4_c
D:2:      layout_loops_ring, uniq_crazy_yiuf_cottage, uniq_sigmund
D:3:      layout_loops_corners, portal_sewer_entry_e, roderic_roman_lattice,
          uniq_terence
D:4:      layout_basic, mainiacjoe_overflow_catwalk
D:5:      layout_loops_ring, minitemple, serial_rivers,
          chequers_serial_rivers_micro_c, chequers_serial_rivers_marsh,
          chequers_serial_rivers_room_a, chequers_serial_rivers_small_a,
          chequers_serial_rivers_micro_e, chequers_serial_rivers_room_b,
          solitary_fountain
D:6:      layout_basic, nicolae_hepliaklqana_hazy_memory
D:7:      layout_basic, amcnicky_altar_gilded,
          minmay_temple_entry_statues_pillars

Skill      XL: |  1  2  3  4  5  6  7  8  9 |
---------------+----------------------------+-----
Fire Magic     | 4 6 7 8 |  8.8
Dodging        | 3 4 |  4.2
Spellcasting   | 4 6 7 |  7.6
Conjurations   | 4 6 |  6.9
Fighting       | |  0.1
Stealth        | |  1.4

Action                     |  1- 3 |  4- 6 |  7- 9 || total
---------------------------+-------+-------+-------++-------
  Melee: Unarmed           |     3 |     2 |    13 ||    18
         Mace              |       |       |    10 ||    10
   Cast: Foxfire           |    11 |    48 |    57 ||   116
         Scorch            |     1 |    12 |    41 ||    54
         Flame Wave        |       |     2 |     9 ||    11
    Use: Potion            |     1 |       |     1 ||     2
 Armour: Robe              |       |     4 |    14 ||    18
  Dodge: Dodged            |     6 |     9 |    28 ||    43
